 Dungeon Sprint DCSS version 0.30.1-11-g7821555f0a (webtiles) character file.

Game seed: 3721522630260980573

19960 Groucho the Unseen (level 12, -4/66 HPs)
             Began as a Spriggan Fighter on Jan 4, 2024.
             Was a Priest of Uskayaw.
             Slain by a frost giant
             ... wielding a +1 battleaxe of freezing
              (16 damage)
             ... in the Dungeon (Sprint IX: "|||||||||||||||||||||||||||||").
             The game lasted 00:12:54 (3060 turns).

Groucho the Unseen (Spriggan Fighter)               Turns: 3060, Time: 00:12:56

Health: -4/66      AC:  9    Str: 12    XL:     12   Next: 41%
Magic:  13/24      EV: 30    Int: 10    God:    Uskayaw [***...]
Gold:   239        SH:  7    Dex: 19    Spells: 19/19 levels left

rFire   . . .        m - +6 rapier (venom)
rCold   . . .        c - +0 buckler
rNeg    . . .        x - +2 robe
rPois   .            (helmet restricted)
rElec   .            t - +0 cloak
rCorr   .            (gloves unavailable)
SInv    +            (boots unavailable)
Will    ++...        (no amulet)
Stlth   ++++++++     r - +4 ring of protection
HPRegen 0.31/turn    p - +2 ring of evasion
MPRegen 0.19/turn

%: no teleportation
@: very quick
A: very small, no large weapons, unfitting armour, see invisible, speed 3
a: Renounce Religion, Stomp, Line Pass


You were in the Dungeon.
You worshipped Uskayaw.
Uskayaw was pleased with you.
You visited 1 branch You collected 1927 gold pieces.
You spent 1688 gold pieces at shops.

Inventory:

Hand Weapons
 a - a +0 rapier
 m - a +6 rapier of venom (weapon)
Missiles
 g - a silver boomerang (quivered)
Armour
 c - a +0 buckler (worn)
 t - a +0 cloak (worn)
 x - a +2 robe (worn)
Jewellery
 b - a ring of protection from cold
 n - a ring of ice
 o - a +3 ring of strength
 p - a +2 ring of evasion (right hand)
 r - a +4 ring of protection (left hand)
 v - a ring of protection from fire
 y - a ring of protection from cold
Wands
 l - a wand of iceblast (10)
Scrolls
 j - 5 scrolls of blinking
 k - 2 scrolls of amnesia
 s - 2 scrolls of identify
 w - a scroll of magic mapping {unknown}
 A - 2 scrolls of fear
 C - a scroll of fog
Potions
 d - 2 potions of might
 e - 9 potions of curing
 f - 2 potions of brilliance
 h - 3 potions of magic
 i - a potion of haste
 z - a potion of heal wounds
 D - 2 potions of mutation
Miscellaneous
 q - a phial of floods
 u - a phantom mirror


   Skills:
 + Level 9.2 Fighting
 - Level 15.0 Short Blades
 + Level 4.2 Throwing
 + Level 6.3 Armour
 + Level 14.0 Dodging
 + Level 20.8 Stealth
 + Level 10.0 Shields
 + Level 4.0 Spellcasting
 + Level 2.4 Conjurations
 * Level 14.6 Invocations
 + Level 5.7 Evocations


You had 19 spell levels left.
You didn't know any spells.
Your spell library contained the following spells:

 Spells                   Type           Power      Damage    Failure   Level
 Summon Guardian Golem    Hex/Summ       2%         N/A       67%         3
 Orb of Destruction       Conj           3%         9d5       100%        7
 Spellforged Servitor     Conj/Summ      2%         N/A       100%        7


Dungeon Overview and Level Annotations

Branches:
Dungeon (1/1)

Altars:
Cheibriados
Dithmenos
Elyvilon
Fedhas
Gozag
Hepliaklqana
Kikubaaqudgha
Makhleb
Nemelex Xobeh
Okawaru
Qazlal
Ru
Sif Muna
Trog
Uskayaw
Vehumet
Wu Jian
Xom
Yredelemnul
Zin
The Shining One
Jiyva
Lugonu

Shops:
D (:**


Innate Abilities, Weirdness & Mutations

You are very small and have problems with some larger weapons.
You are too small for most types of armour.
You have supernaturally acute eyesight. (SInv)
You cover ground extremely quickly. (Speed+++)


Message History

Unknown command.
The deep troll shaman seems less confused.
The frost giant seems less confused.
The four-headed hydra seems less confused.
The four-headed hydra closely misses you.
The four-headed hydra completely misses you.
You block the four-headed hydra's attack.
The four-headed hydra completely misses you.
Unknown command.
Aiming: Line Pass
Press: ? - help, Dir - move target The four-headed hydra appears confused.
The cyclops appears confused.
The cyclops hits the four-headed hydra.
You puncture the cyclops!
The cyclops looks as sick as possible!
The cyclops is heavily wounded.
The four-headed hydra bites the cyclops!
The four-headed hydra bites the cyclops.
The four-headed hydra bites the cyclops!
The cyclops is killed!
The four-headed hydra bites itself!!
The four-headed hydra is killed!
Your Throwing skill increases to level 4!
Your Dodging skill increases to level 14!
Your Spellcasting skill increases to level 4!
Things that are here:
3 large rocks; a cyclops corpse The frost giant hits you with a +1 battleaxe of freezing!!
* * * LOW HITPOINT WARNING * * *
The frost giant freezes you!
* * * LOW HITPOINT WARNING * * *
You see here 4 large rocks.
Unknown command.
You are too injured to fight recklessly!
You feel much better.
The frost giant is no longer sharing its pain.
The deep troll earth mage gestures next to you while chanting.
The wall shatters!
The blast of rock fragments hits you!!
* * * LOW HITPOINT WARNING * * *
The frost giant hits you with a +1 battleaxe of freezing!
You die...

.[[.[..'...!....††.†'..†...†††'..
▓▓▓▓▓▓▓▓▓▓▓▓▓▓▓▓▓▓▓▓▓▓▓▓▓▓▓▓▓▓▓▓▓
...).....)....)..................
▓▓▓▓▓▓▓▓▓▓▓▓▓▓▓▓▓▓▓▓▓▓▓▓▓▓▓▓▓▓▓▓▓
...'.....∩.∩)∩)∩.))))'.....)).)))
▓▓▓▓▓▓▓▓▓▓▓▓▓▓▓▓▓▓▓▓▓▓▓▓▓▓▓▓▓▓▓▓▓
................................)
▓▓▓▓▓▓▓▓▓▓▓▓▓▓▓▓▓▓▓▓▓▓▓▓▓▓▓▓▓▓▓▓▓
TT.T.u..C@(('..........[[[
▓▓▓▓▓▓▓▓▓▓▓▓▓▓▓▓▓▓▓▓▓▓▓▓▓▓


You could see a frost giant, a green very ugly thing and a deep troll earth
mage.

Vanquished Creatures
  A dire elephant (D)
  Josephine (D)
  Erolcha (D)
  Harold (D)
  2 hydras (D)
  A boulder beetle (D)
  A two-headed ogre (D)
  Urug (D)
  3 orc high priests (D)
  Sonja (D)
  An ugly thing (D)
  4 orc knights (D)
  An orc sorcerer (D)
  3 cyclopes (D)
  7 elephants (D)
  A torpor snail (D)
  A black mamba (D)
  An unseen horror (shapeshifter) (D)
  3 cane toads (D)
  4 komodo dragons (D)
  A meliai (shapeshifter) (D)
  A slime creature (D)
  4 wraiths (D)
  3 vampire mosquitoes (D)
  An acid dragon (D)
  5 water moccasins (D)
  10 orc warriors (D)
  2 wolves (D)
  A kobold brigand (D)
  A bullfrog (D)
  A gnoll sergeant (D)
  A killer bee (D)
  2 orc priests (D)
  A gnoll bouda (D)
  3 orc wizards (D)
  2 adders (D)
  18 orcs (D)
  A ball python (D)
  An endoplasm (D)
  A hobgoblin (D)
  A jackal (D)
  2 quokkas (D)
102 creatures vanquished.

Vanquished Creatures (others)
  A water moccasin (D)
1 creature vanquished.

Grand Total: 103 creatures vanquished

Notes
Turn   | Place    | Note
-------+----------+-------------------------------------------
     0 | D        | Groucho the Spriggan Fighter began the quest for the Orb.
     0 | D        | Reached XP level 1. HP: 11/11 MP: 2/2
     2 | D        | Banished a spatial maelstrom
     7 | D        | Reached skill level 1 in Stealth
    16 | D        | Reached skill level 1 in Invocations
    18 | D        | Reached skill level 2 in Stealth
    44 | D        | Reached XP level 2. HP: 10/16 MP: 4/4
    47 | D        | Reached skill level 3 in Stealth
    54 | D        | Reached XP level 3. HP: 19/19 MP: 5/5
    56 | D        | Reached skill level 4 in Stealth
   199 | D        | Found a snail-covered altar of Cheibriados.
   199 | D        | Found a shadowy altar of Dithmenos.
   199 | D        | Found a white marble altar of Elyvilon.
   199 | D        | Found a blossoming altar of Fedhas.
   199 | D        | Found an opulent altar of Gozag.
   200 | D        | Found a hazy altar of Hepliaklqana.
   201 | D        | Found a viscous altar of Jiyva.
   202 | D        | Found an ancient bone altar of Kikubaaqudgha.
   203 | D        | Found a corrupted altar of Lugonu.
   204 | D        | Found a burning altar of Makhleb.
   205 | D        | Found a sparkling altar of Nemelex Xobeh.
   206 | D        | Found an iron altar of Okawaru.
   207 | D        | Found a stormy altar of Qazlal.
   208 | D        | Found a sacrificial altar of Ru.
   209 | D        | Found a shimmering blue altar of Sif Muna.
   210 | D        | Found a bloodstained altar of Trog.
   211 | D        | Found a hide-covered altar of Uskayaw.
   212 | D        | Found a radiant altar of Vehumet.
   213 | D        | Found an ornate altar of the Wu Jian Council.
   214 | D        | Found a shimmering altar of Xom.
   215 | D        | Found a basalt altar of Yredelemnul.
   216 | D        | Found a glowing silver altar of Zin.
   217 | D        | Found a glowing golden altar of the Shining One.
   223 | D        | Became a worshipper of Uskayaw the Reveller
   258 | D        | Noticed a killer bee
   258 | D        | Noticed an orc warrior
   258 | D        | Noticed a gnoll sergeant
   258 | D        | Noticed a kobold brigand
   258 | D        | Noticed a two-headed ogre
   261 | D        | Reached * piety under Uskayaw
   266 | D        | Reached skill level 5 in Dodging
   266 | D        | Reached skill level 5 in Stealth
   266 | D        | Reached ** piety under Uskayaw
   270 | D        | Reached *** piety under Uskayaw
   271 | D        | Killed a two-headed ogre
   272 | D        | Reached skill level 10 in Stealth
   272 | D        | Reached skill level 5 in Shields
   272 | D        | Reached XP level 4. HP: 21/26 MP: 5/10
   272 | D        | Reached XP level 5. HP: 24/30 MP: 5/11
   272 | D        | Reached XP level 6. HP: 28/35 MP: 5/12
   272 | D        | Reached XP level 7. HP: 30/38 MP: 5/13
   279 | D        | Reached **** piety under Uskayaw
   280 | D        | Reached skill level 11 in Stealth
   281 | D        | Reached ***** piety under Uskayaw
   282 | D        | Reached skill level 5 in Fighting
   292 | D        | Noticed a harpy
   292 | D        | Noticed a slime creature
   292 | D        | Noticed an unseen horror
   292 | D        | Noticed a vampire mosquito
   292 | D        | Noticed a vampire mosquito
   294 | D        | Killed a vampire mosquito
   295 | D        | Reached skill level 12 in Stealth
   295 | D        | Reached XP level 8. HP: 38/43 MP: 6/14
   298 | D        | Killed an unseen horror
   298 | D        | Reached ****** piety under Uskayaw
   299 | D        | Reached skill level 13 in Stealth
   305 | D        | Killed a slime creature
   306 | D        | Reached skill level 10 in Short Blades
   306 | D        | a harpy changed into a cane toad
   306 | D        | Noticed a cane toad (shapeshifter)
   321 | D        | a cane toad changed into a wind drake
   321 | D        | Noticed a wind drake (shapeshifter)
   338 | D        | a wind drake changed into a meliai
   338 | D        | Noticed a meliai (shapeshifter)
   343 | D        | Killed a meliai
   344 | D        | Reached XP level 9. HP: 23/48 MP: 11/16
   806 | D        | Noticed a cane toad
   818 | D        | Killed a cane toad
   819 | D        | Reached skill level 14 in Stealth
   819 | D        | Noticed a cane toad
   821 | D        | Reached skill level 1 in Armour
   821 | D        | Noticed a black mamba
   826 | D        | Reached skill level 10 in Dodging
   826 | D        | Reached skill level 15 in Stealth
   830 | D        | Killed a cane toad
   831 | D        | Reached skill level 10 in Invocations
   840 | D        | Killed a black mamba
   846 | D        | Noticed a komodo dragon
   846 | D        | Noticed a cane toad
   846 | D        | Noticed a torpor snail
   847 | D        | Noticed a komodo dragon
   848 | D        | Killed a torpor snail
   849 | D        | Noticed a komodo dragon
   854 | D        | Noticed a komodo dragon
   855 | D        | Reached XP level 10. HP: 49/53 MP: 11/18
   858 | D        | Killed a cane toad
   859 | D        | Reached skill level 16 in Stealth
   937 | D        | Noticed an elephant
   937 | D        | Noticed an elephant
   937 | D        | Noticed an elephant
   937 | D        | Noticed an elephant
   937 | D        | Noticed a dire elephant
   937 | D        | Noticed an elephant
   938 | D        | Noticed an elephant
   939 | D        | Killed an elephant
   940 | D        | Reached skill level 17 in Stealth
   940 | D        | Noticed an elephant
   941 | D        | Killed a dire elephant
   942 | D        | Killed an elephant
   945 | D        | Killed an elephant
   962 | D        | Killed an elephant
   963 | D        | Reached skill level 18 in Stealth
   973 | D        | Killed an elephant
   981 | D        | Killed an elephant
   982 | D        | Reached XP level 11. HP: 31/59 MP: 21/21
  1311 | D        | Noticed Harold
  1317 | D        | Noticed Erolcha
  1318 | D        | Killed Harold
  1325 | D        | Killed Erolcha
  1326 | D        | Noticed Urug
  1332 | D        | Killed Urug
  1333 | D        | Reached skill level 19 in Stealth
  1435 | D        | Noticed an orc knight
  1435 | D        | Noticed an orc knight
  1451 | D        | Noticed an orc knight
  1458 | D        | Killed an orc knight
  1459 | D        | Reached skill level 5 in Armour
  1462 | D        | Killed an orc knight
  1599 | D        | Killed an orc knight
  2193 | D        | Found Ygiwk's Assorted Antiques.
  2193 | D        | Noticed an orc high priest
  2193 | D        | Noticed an orc sorcerer
  2194 | D        | Noticed an orc high priest
  2196 | D        | Found Viheo's General Store.
  2197 | D        | Killed an orc sorcerer
  2198 | D        | Reached skill level 1 in Evocations
  2200 | D        | Found Hohiwas's Book Boutique.
  2200 | D        | Found Tidi's Weapon Shop.
  2200 | D        | Noticed an orc high priest
  2200 | D        | Noticed an orc knight
  2206 | D        | Killed an orc high priest
  2207 | D        | Reached skill level 1 in Throwing
  2207 | D        | Reached skill level 20 in Stealth
  2210 | D        | Killed an orc high priest
  2218 | D        | Killed an orc high priest
  2268 | D        | Killed an orc knight
  2367 | D        | Bought a phantom mirror for 960 gold pieces
  2367 | D        | Bought a ruby ring for 120 gold pieces
  2367 | D        | Bought 2 potions of curing for 144 gold pieces
  2367 | D        | Bought a scroll labelled FODUXICH ISSAD for 24 gold pieces
  2371 | D        | Bought a book of Dangerous Friends for 440 gold pieces
  2683 | D        | Noticed Sonja
  2688 | D        | Noticed Josephine
  2690 | D        | Killed Sonja
  2691 | D        | Reached skill level 1 in Spellcasting
  2700 | D        | Killed Josephine
  2701 | D        | Reached skill level 15 in Short Blades
  2701 | D        | Reached XP level 12. HP: 65/65 MP: 18/23
  2702 | D        | Reached skill level 1 in Conjurations
  3029 | D        | Noticed a four-headed hydra
  3029 | D        | Noticed a six-headed hydra
  3042 | D        | Noticed a frost giant
  3042 | D        | Noticed a boulder beetle
  3048 | D        | Killed a six-headed hydra
  3049 | D        | Reached skill level 5 in Evocations
  3050 | D        | Noticed a green very ugly thing
  3050 | D        | Noticed a deep troll earth mage
  3050 | D        | Noticed a deep troll shaman
  3054 | D        | Killed a boulder beetle
  3055 | D        | Reached skill level 10 in Shields
  3057 | D        | Killed a four-headed hydra
  3059 | D        | HP: 1/66 [frost giant/+1 battleaxe of freezing (13)]
  3060 | D        | Slain by a frost giant

Illustrated notes

Levels and vault maps discovered:
D:        linesprint [early_d, line_temple, items_1, d_10, items_2, lair_1,
          lair_end, items_3, orc_1, orc_end, items_4, d_15, swamp_1, shoals_1,
          snake_1, spider_1, d_20, vaults_1, items_5, swamp_end, shoals_end,
          snake_end, spider_end, vaults_end, d_27, items_6, zot_1, zot_end,
          crypt_end, forest_end, elf_end, slime_end, tomb_end, abyss_end,
          pan_hell_end]

Skill      XL: |  1  2  3  4  5  6  7  8  9 10 11 12 |
---------------+-------------------------------------+-----
Stealth        | 2 3 10 12 13 15 18 20 | 20.8
Invocations    | 1 2 7 9 10 12 14 | 14.6
Short Blades   | 3 8 9 10 11 13 15 | 15.0
Shields        | 5 6 7 8 9 10 | 10.0
Fighting       | 4 5 6 7 8 9 |  9.2
Dodging        | 7 8 9 10 12 13 14 | 14.0
Armour         | 2 4 5 6 |  6.3
Evocations     | 4 5 |  5.7
Throwing       | 2 4 |  4.2
Spellcasting   | 1 4 |  4.0
Conjurations   | 2 |  2.4

Action                     |  1- 3 |  4- 6 |  7- 9 | 10-12 || total
---------------------------+-------+-------+-------+-------++-------
  Melee: Rapier            |    42 |       |    73 |   222 ||   337
 Invoke: Line Pass         |       |       |     5 |    12 ||    17
    Use: Potion            |     4 |       |     3 |     3 ||    10
         Scroll            |       |       |     2 |     2 ||     4
   Stab: Invisible         |     2 |       |     1 |       ||     3
         Paralysed         |     1 |       |     4 |    12 ||    17
         Sleeping          |       |       |     4 |     8 ||    12
         Confused          |       |       |     2 |    11 ||    13
 Armour: Robe              |     4 |       |     2 |     6 ||    12
  Dodge: Dodged            |    15 |       |    43 |    91 ||   149
  Block: Buckler           |     7 |       |    12 |    24 ||    43
